Map: Odyssey LE

Players

JJAKJI

  • Race: Terran Terran
  • League: Platinum
  • Spawn Location: 5:00

Solar - Winner!

  • Race: Zerg Zerg
  • Spawn Location: 11:00

Event: HomeStory Cup XVI

VOD

Have the link to the VOD?

Description

Time

  • Played on: Nov. 11, 2017, 1:34 p.m.
  • Length: 11:20

All games in this series

Show
View Real Time Build Order
Export as new Build Order

JJAKJI Terran 

Build Orders: Gas First Reaper Expand, Reaper Expand, Hellion Banshee, MMM Bio 

Get SALT Encoding   

  12  0:01  SCV  
  13  0:13  SCV  
  14  0:17  Supply Depot  
  14  0:25  SCV  
  14  0:27  Refinery  
  15  0:39  SCV  
  16  0:44  Barracks  
  16  0:51  SCV  
  17  1:03  SCV  
  18  1:15  SCV  
  19  1:32  Reaper, Orbital Command  
  20  1:42  Command Center  
  20  1:53  Factory  
  20  1:57  SCV  
  21  2:05  Barracks Reactor  
  21  2:08  Supply Depot  
  21  2:10  SCV  
  22  2:16  Refinery  
  22  2:22  SCV  
  23  2:34  SCV  
  24  2:41  Starport  
  24  2:46  SCV  
  24  2:48  Hellion x2  
  24  2:49  Marine  
  30  2:54  Orbital Command  
  30  2:59  SCV  
  31  3:09  Hellion  
  33  3:13  Hellion  
  33  3:14  Marine  
  33  3:18  Medivac  
  37  3:25  Armory  
  37  3:30  Hellion  
  37  3:32  Marine  
  40  3:35  Hellion  
  40  3:37  Supply Depot  
  40  3:41  SCV  
  43  3:42  SCV  
  44  3:48  Starport Tech Lab  
  44  3:53  Hellion  
  46  3:59  Hellion  
  46  4:01  Supply Depot  
  48  4:03  SCV x2  
  48  4:06  Cloaking Field  
  50  4:11  Banshee  
  57  4:26  SCV x2  
  53  4:38  SCV x2  
  53  4:43  Barracks Tech Lab  
  53  4:49  Hellion x5  
  53  4:50  SCV x2  
  55  4:54  Banshee  
  55  4:56  Supply Depot  
  62  5:02  Supply Depot  
  62  5:04  Supply Depot  
  62  5:06  Stimpack  
  62  5:11  SCV x2, Marine  
  61  5:14  Command Center  
  61  5:19  Supply Depot  
  61  5:23  SCV  
  61  5:24  SCV  
  63  5:29  Factory Reactor  
  63  5:37  Barracks  
  63  5:38  Barracks  
  63  5:40  SCV x2  
  65  5:44  Marine  
  65  5:48  Engineering Bay  
  66  5:53  Engineering Bay, Starport Reactor  
  66  5:54  SCV x2  
  66  6:08  Marine  
  66  6:11  SCV x2  
  63  6:13  Refinery, Barracks x2  
  63  6:14  Refinery  
  63  6:23  SCV x2  
  63  6:24  Marine  
  66  6:26  Siege Tank, Marine  
  66  6:29  Orbital Command  
  66  6:30  Terran Infantry Weapons Level 1, Terran Infantry Armor Level 1  
  70  6:35  SCV x2, Marine  
  70  6:36  Marine x2  
  75  6:41  Marine  
  75  6:43  Marine  
  75  6:45  Medivac x2  
  81  6:47  SCV x2  
  81  6:53  Marine x2  
  81  6:54  Marine  
  86  6:56  Orbital Command  
  86  6:59  SCV x2, Marine  
  89  7:01  Marine  
  89  7:03  Siege Tank  
  89  7:04  Barracks Reactor x2  
  93  7:11  Marine x3  
  96  7:18  Hellion x3  
  96  7:21  SCV x2  
  98  7:23  SCV  
  98  7:24  Marine x2  
  98  7:26  Supply Depot  
  98  7:27  Supply Depot  
  98  7:29  Marine x3  
  104  7:32  Medivac x2, Combat Shields  
  108  7:38  SCV  
  108  7:42  SCV  
  109  7:47  Marine  
  109  7:48  SCV, Siege Tank  
  109  7:51  Marine x7  
  114  7:52  Marine  
  121  8:03  Supply Depot x2  
  121  8:08  Marine x2  
  125  8:20  Supply Depot x2  
  125  8:21  Supply Depot  
  125  8:24  SCV x3, Siege Tank  
  134  8:31  Terran Infantry Weapons Level 2, Terran Infantry Armor Level 2  
  129  8:36  SCV x2  
  129  8:37  Refinery  
  129  8:40  Refinery  
  131  8:42  Factory  
  131  8:44  Marine  
  131  8:45  Marine x2  
  134  8:54  Terran Vehicle Weapons Level 1  
  134  8:55  SCV x2  
  134  8:57  Marine  
  134  8:58  Marine  
  134  9:00  Marine x2  
  134  9:01  Marine x2  
  134  9:02  Marine  
  140  9:03  Marine x2  
  140  9:06  Unknown x3  
  140  9:07  Supply Depot  
  137  9:15  Marine  
  137  9:16  Siege Tank, Marine  
  142  9:18  Marine x4  
  142  9:20  Marine x3  
  125  9:33  Marine x2  
  125  9:36  Marine x4  
  125  9:38  Marine x2  
  121  9:42  Orbital Command  
  121  9:44  Marine  
  101  9:53  Marine x3  
  101  9:54  Marine  
  101  9:58  Siege Tank  
  96  10:04  SCV  
  96  10:05  SCV  
  91  10:07  Medivac  
  91  10:11  Medivac  
  94  10:17  SCV x2  
  94  10:19  SCV  
  97  10:23  Marine  
  97  10:24  Marine  
  97  10:26  Factory Tech Lab  
  99  10:30  Siege Tank  
  99  10:33  SCV x3  
  105  10:36  Supply Depot  
  105  10:37  Marine x3  
  105  10:41  Marine x2  
  110  10:43  Marine  
  110  10:44  Marine x3  
  114  10:54  Marine  
  114  10:55  Marine  
  116  10:58  Sensor Tower  
  116  10:59  Marine x3  
  116  11:01  Marine x4  
Show
View Real Time Build Order
Export as new Build Order

Solar Zerg - Winner!

Build Orders: Pool First 

Get SALT Encoding   

  12  0:01  Drone  
  13  0:12  Overlord  
  13  0:16  Drone  
  14  0:30  Drone x2  
  14  0:34  Drone  
  17  0:44  Extractor  
  17  0:45  Drone  
  17  0:49  Spawning Pool  
  16  0:55  Drone  
  17  1:06  Drone  
  18  1:17  Hatchery  
  17  1:20  Drone  
  18  1:28  Drone  
  19  1:36  Queen  
  19  1:39  Zergling x2  
  22  1:45  Metabolic Boost  
  22  1:52  Overlord  
  22  2:11  Queen, Drone x2  
  26  2:21  Drone  
  27  2:28  Queen  
  27  2:29  Drone  
  30  2:33  Drone  
  30  2:40  Zergling x2  
  30  2:43  Drone  
  32  2:44  Overlord  
  32  2:45  Drone  
  32  2:46  Drone  
  32  2:48  Pneumatized Carapace  
  34  2:52  Drone  
  34  2:56  Drone  
  36  3:04  Extractor  
  35  3:07  Extractor  
  35  3:09  Drone  
  35  3:15  Hatchery  
  35  3:16  Drone x2  
  35  3:18  Drone x2  
  39  3:21  Drone  
  39  3:23  Overlord  
  39  3:26  Zergling x2  
  41  3:28  Drone  
  41  3:33  Drone  
  43  3:40  Overlord  
  43  3:44  Queen  
  43  3:46  Queen  
  47  3:48  Spine Crawler  
  47  3:50  Spore Crawler  
  47  3:54  Zergling x6  
  48  3:59  Zergling x6  
  48  4:01  Zergling x2  
  52  4:04  Baneling Nest  
  52  4:06  Zergling x2  
  52  4:09  Overlord  
  52  4:10  Zergling x2  
  53  4:19  Queen  
  53  4:23  Zergling x2  
  56  4:25  Zergling x2  
  56  4:28  Drone  
  56  4:29  Zergling x2  
  56  4:31  Queen  
  59  4:33  Overlord  
  59  4:37  Drone  
  61  4:41  Lair  
  61  4:42  Drone x2  
  61  4:45  Extractor x2  
  62  4:48  Drone  
  62  4:51  Spore Crawler  
  62  4:52  Baneling  
  61  4:55  Drone  
  61  4:57  Zergling x6  
  65  5:00  Spore Crawler  
  65  5:03  Drone x3  
  65  5:04  Drone  
  68  5:12  Drone x3  
  68  5:13  Drone  
  72  5:14  Overlord  
  72  5:16  Baneling  
  72  5:17  Drone  
  73  5:21  Baneling  
  73  5:22  Drone  
  73  5:26  Overlord  
  74  5:29  Drone  
  74  5:33  Drone x2  
  77  5:36  Drone  
  77  5:37  Drone  
  77  5:38  Drone  
  77  5:39  Baneling x2  
  77  5:40  Drone  
  81  5:43  Overseer  
  81  5:44  Zergling x4  
  81  5:45  Zergling x2  
  81  5:47  Overlord  
  81  5:49  Baneling x2  
  83  5:50  Baneling  
  83  5:52  Drone x2  
  84  5:57  Drone  
  84  5:58  Drone x3  
  84  6:01  Overlord  
  84  6:11  Drone x2  
  81  6:12  Evolution Chamber  
  81  6:13  Evolution Chamber  
  81  6:15  Drone  
  81  6:17  Drone x4  
  85  6:19  Extractor x2, Overlord, Drone x2  
  85  6:21  Drone  
  86  6:27  Overlord  
  86  6:32  Centrifical Hooks, Zergling x2  
  87  6:35  Zergling x2  
  88  6:40  Zerg Ground Armor Level 1  
  88  6:41  Drone x2, Zerg Melee Weapons Level 1  
  88  6:44  Drone  
  88  6:46  Baneling  
  90  6:48  Zergling x12  
  90  6:49  Overlord  
  90  6:52  Zergling x2  
  90  6:53  Zergling x4  
  99  6:54  Drone  
  99  6:55  Overlord  
  100  7:03  Drone  
  100  7:06  Hydralisk Den, Drone  
  100  7:07  Drone  
  102  7:15  Hatchery  
  101  7:16  Zergling x14  
  101  7:17  Overlord  
  101  7:20  Baneling x4  
  101  7:21  Baneling  
  108  7:22  Overlord  
  108  7:27  Overseer  
  108  7:28  Zergling x8  
  112  7:31  Overlord  
  112  7:35  Muscular Augments  
  112  7:36  Zergling x2  
  113  7:37  Overlord  
  113  7:39  Hydralisk  
  115  7:44  Hydralisk  
  115  7:45  Hydralisk  
  115  7:46  Hydralisk x2  
  115  7:49  Zergling x4  
  115  7:50  Zergling x2  
  125  7:52  Zergling x2  
  125  7:56  Queen  
  124  7:58  Zergling x2  
  124  7:59  Zergling x6  
  124  8:00  Zergling x2  
  126  8:09  Baneling x4  
  126  8:12  Drone x3  
  123  8:13  Drone  
  123  8:14  Drone x2  
  123  8:15  Drone x4  
  123  8:18  Overlord  
  129  8:23  Hydralisk x2  
  129  8:25  Baneling  
  129  8:26  Baneling x3  
  133  8:28  Extractor  
  133  8:29  Overseer  
  133  8:31  Zergling x2  
  133  8:32  Zergling x6  
  137  8:34  Zergling x4  
  137  8:37  Queen  
  140  8:42  Zerg Ground Armor Level 2  
  140  8:45  Drone x2  
  140  8:46  Drone  
  143  8:50  Zerg Melee Weapons Level 2  
  143  8:53  Baneling  
  143  8:54  Baneling x10  
  141  8:57  Zergling x4  
  141  8:58  Zergling x4  
  141  9:00  Zergling x2  
  141  9:01  Zergling x6  
  141  9:02  Zergling x2  
  149  9:03  Zergling x2  
  149  9:06  Hydralisk  
  149  9:09  Hydralisk  
  148  9:11  Overlord  
  148  9:16  Hydralisk x4  
  157  9:19  Zergling x4  
  157  9:20  Infestation Pit  
  156  9:24  Hydralisk x3  
  156  9:29  Baneling x4  
  162  9:35  Hydralisk  
  162  9:36  Zergling x2  
  162  9:37  Zergling x4  
  158  9:45  Zergling x6  
  157  9:51  Hydralisk x3  
  142  9:53  Zergling x6  
  139  10:00  Zergling x6  
  139  10:05  Hive  
  141  10:07  Zergling x4  
  141  10:08  Baneling x7  
  136  10:15  Zergling x2  
  136  10:16  Zergling x6  
  136  10:17  Extractor  
  136  10:20  Zergling x6  
  142  10:22  Baneling  
  142  10:23  Baneling x7  
  142  10:26  Zergling x10  
  146  10:30  Hatchery  
  145  10:37  Zergling x2  
  145  10:38  Zergling x12  
  145  10:40  Zergling x8  
  156  10:43  Baneling x11  
  156  10:46  Overlord  
  156  10:47  Zergling x10  
  161  10:57  Zergling x12  
Tags
 
Add a new tag
Caveats
  • Supply blocks, unpowered buildings, or Contaminate may cause inaccurate times.
  • Supply counts are checked every 10 seconds.